 Dungeon Crawl Stone Soup version 0.29.1-14-g9c671dbff4 (webtiles) character file.

Game seed: 13606526028811925368

68266 Kangrisorn the Peltast (level 14, -2/122 HPs)
             Began as a Minotaur Fighter on Feb 14, 2023.
             Was the Champion of Okawaru.
             Killed by divine providence
             ... invoked by an orc priest
              (12 damage)
             ... on level 2 of the Orcish Mines on Feb 15, 2023.
             The game lasted 01:18:22 (20628 turns).

Kangrisorn the Peltast (Minotaur Fighter)          Turns: 20628, Time: 01:18:23

Health: -2/122     AC: 30    Str: 27    XL:     14   Next: 86%
Magic:  13/13      EV:  7    Int:  9    God:    Okawaru [******]
Gold:   2357       SH: 18    Dex: 22    Spells: 13/13 levels left

rFire   . . .      SeeInvis +   j - +4 broad axe "Beetlebane" {vorpal, rElec Dex+5 Stlth+}
rCold   . . .      Faith    .   e - +2 kite shield "Riup" {rPois Dex+4}
rNeg    + . .      Spirit   .   K - +7 plate armour of Cocytus {Drain Int+4 Dex+4 SInv}
rPois   +          Reflect  .   N - +2 hat {Stlth+}
rElec   +          Harm     .   T - +0 cloak {rCorr}
rCorr   +          Rampage  .   y - +2 pair of gloves of Taskores {rPois}
Will    +....                   (no boots)
Stlth   ..........              (no amulet)
HPRegen 0.30/turn               q - ring of positive energy
MPRegen 0.13/turn               v - +4 ring of protection

@: no status effects
A: horns 2, retaliatory headbutt, deformed body, frail 1
a: Renounce Religion, Heroism, Finesse, Duel


You were on level 2 of the Orcish Mines.
You worshipped Okawaru.
Okawaru was exalted by your worship.
You visited 4 branches of the dungeon, and saw 20 of its levels.
You also visited: Ossuary.

You collected 2357 gold pieces.

Inventory:

Hand Weapons
 a - a +3 war axe
 j - the +4 broad axe "Beetlebane" (weapon) {vorpal, rElec Dex+5 Stlth+}
   (You acquired it on level 1 of the Dungeon)

   It inflicts extra damage upon your enemies.
   Dex:       It affects your dexterity (+5).
   rElec:     It insulates you from electricity.
   Stlth:     It makes you more stealthy.
 C - a +1 war axe of flaming
 R - a +0 war axe of flaming
Missiles
 f - 38 poisoned darts
 w - 2 throwing nets
 H - 2 atropa-tipped darts
 L - 6 silver javelins
 U - 10 boomerangs (quivered)
 V - 4 silver boomerangs
Armour
 e - the +2 kite shield "Riup" (worn) {rPois Dex+4}
   (You acquired it on level 1 of the Dungeon)

   Dex:       It affects your dexterity (+4).
   rPois:     It protects you from poison.
 y - the +2 pair of gloves of Taskores (worn) {rPois}
   (You found it on level 8 of the Dungeon)

   rPois:     It protects you from poison.
 F - the +0 cloak of Good Intentions {Int+2 Dex+5}
   (Okawaru gifted it to you on level 11 of the Dungeon)

   Int:       It affects your intelligence (+2).
   Dex:       It affects your dexterity (+5).
 K - the +7 plate armour of Cocytus (worn) {Drain Int+4 Dex+4 SInv}
   (Okawaru gifted it to you on level 2 of the Lair of Beasts)

   Int:       It affects your intelligence (+4).
   Dex:       It affects your dexterity (+4).
   SInv:      It lets you see invisible.
   Drain:     It drains your maximum health when unequipped.
 N - a +2 hat of stealth (worn)
 T - a +0 cloak of preservation (worn)
Jewellery
 k - a +6 ring of dexterity
 q - a ring of positive energy (left hand)
 u - a ring of flight
 v - a +4 ring of protection (right hand)
 Q - a ring of protection from fire
Wands
 n - a wand of quicksilver (1)
 o - a wand of roots (44)
 E - a wand of polymorph (8)
 S - a wand of digging (2)
Scrolls
 b - 2 scrolls of teleportation
 m - 8 scrolls of immolation
 t - 4 scrolls of fear
 x - 2 scrolls of blinking
 I - a scroll of magic mapping
 P - a scroll of torment {unknown}
Potions
 c - 6 potions of lignification
 l - 2 potions of flight
 p - 3 potions of haste
 r - 5 potions of mutation
 B - a potion of ambrosia
 D - 2 potions of invisibility
 M - 3 potions of magic
 O - a potion of berserk rage
Miscellaneous
 G - a piece from Xom's chessboard (15/15)
 J - a condenser vane


   Skills:
 + Level 15.8 Fighting
 + Level 15.7 Axes
 + Level 6.2 Throwing
 + Level 15.8 Armour
 + Level 18.8 Shields


You had 13 spell levels left.
You didn't know any spells.
Your spell library contained the following spells:

 Spells                   Type           Power      Damage    Failure   Level
 Blink                    Tloc           0%         N/A       99%         2
 Scorch                   Fire           0%         2d5       99%         2
 Static Discharge         Conj/Air       0%         3-3/arc   99%         2
 Conjure Flame            Conj/Fire      0%         6-21      100%        3
 Ignite Poison            Fire/Tmut/Pois 0%         N/A       100%        3
 Lesser Beckoning         Tloc           0%         N/A       100%        3
 Portal Projectile        Hex/Tloc       0%         N/A       100%        3
 Stone Arrow              Conj/Erth      0%         3d7       100%        3
 Flame Wave               Conj/Fire      0%         2d4       100%        4
 Passage of Golubria      Tloc           0%         N/A       100%        4
 Sticky Flame             Conj/Fire      0%         2d3       100%        4
 Blade Hands              Tmut           0%         N/A       100%        5
 Lightning Bolt           Conj/Air       0%         1d11      100%        5
 Manifold Assault         Tloc           0%         N/A       100%        5
 Yara's Violent Unravell  Hex/Tmut       0%         3d3       100%        5
 Eringya's Noxious Bog    Tmut/Pois      0%         N/A       100%        6
 Lehudib's Crystal Spear  Conj/Erth      0%         10d2      100%        8
 Maxwell's Capacitive Co  Air            0%         ∞         100%        8
 Tukima's Dance           Hex            Unusable   N/A       N/A         3
 Animate Armour           Summ/Erth      Unusable   N/A       N/A         4
 Summon Forest            Summ/Tloc      Unusable   N/A       N/A         5
 Summon Cactus Giant      Summ           Unusable   N/A       N/A         6
 Summon Hydra             Summ           Unusable   N/A       N/A         7

Dungeon Overview and Level Annotations

Branches:
Dungeon (12/15)            Temple (1/1) D:6            Lair (5/5) D:9
  Swamp (0/4) Lair:3        Snake (0/4) Lair:3        Slime (0/5) Lair:4
    Orc (2/2) D:9             Elf (0/3) Orc:2       Ossuary (visited)

Altars:
Ashenzari
Cheibriados
Dithmenos
Elyvilon
Fedhas
Gozag
Hepliaklqana
Kikubaaqudgha
Makhleb
Nemelex Xobeh
Okawaru
Qazlal
Ru
Sif Muna
Trog
Uskayaw
Vehumet
Wu Jian
Xom
Yredelemnul
Zin
The Shining One

Shops:
D:3 :

Annotations:
D:9 3 runed translucent doors, Henri's ghost, journeyman VSEn
Lair:5 3 runed translucent doors, Peloso's ghost, journeyman MiFi


Innate Abilities, Weirdness & Mutations

You have a pair of horns on your head.
You reflexively headbutt those who attack you in melee.
Armour fits poorly on your strangely shaped body.
You are frail. (-10% HP)


Message History

You hit the orc warrior. You block the orc's attack.
The orc priest looks satisfied for a moment.
The orc high priest prays to Beogh.
You closely miss the orc warrior.
The orc warrior is moderately wounded.
The orange demon disappears in a puff of smoke!
You slice the orc warrior!!
You kill the orc warrior!
Okawaru accepts your kill.
The orc hits you from afar with a +2 vorpal trident!
* * * LOW HITPOINT WARNING * * *
x2 An orc warrior comes into view. It is wielding a +0 long sword.
Items here: )) [[ ††.
The orc warrior attacks as you move away!
You block the orc warrior's attack. You block the orc priest's attack.
Things that are here:
a +0 battleaxe; a +0 plate armour; an orc corpse The orc warrior attacks as you move away!
You block the orc warrior's attack.
The orc warrior attacks as you move away!
You block the orc warrior's attack. The neqoxec gestures at you.
Something tries to feed on your intellect!
The orc priest begins to cast a cantrip, but forgets the words!
You slash the orc warrior!
The orc warrior is moderately wounded.
The orc priest invokes the aid of Beogh against you.
Beogh smites you!
* * * LOW HITPOINT WARNING * * *
You block the orc warrior's attack.
You slice the orc warrior!!
You kill the orc warrior!
Okawaru accepts your kill.
The orc no longer looks unusually strong.
The neqoxec gestures at you.
Something tries to feed on your intellect!
The orc priest looks satisfied for a moment.
The orc priest mumbles some strange prayers to Beogh against you.
Beogh smites you!
You die...

##...o.o.#
##.......##
###))..
#.....o.o#
#..#...#..#
##))..
.........#
##..)......##
#.)...
.........#
#...#...#...#
##)...
##..)).......#
#....
#....#)..#....#
##.#.
#.............#
####
#....#...#....#
#
#....@........#
#...)#.).#....#
##....o......##
##
#..o#o3.#...#
##.
##..)))....##
#.. #.)#4..#..#
#.. ##).o....##
##.. ###o#.###
.... .....#
....


You could see an orange demon (summoned), a neqoxec (summoned), an orc warrior,
3 orc priests and an orc.

Vanquished Creatures
  Gastronok (Lair:3)
  An orc warlord (Orc:2)
  A quicksilver ooze (Lair:5)
  The ghost of ripuliukko the Geomancer, a journeyman GrEE of Vehumet (Lair:1)
  Fannar (Orc:1)
  5 hydras
  2 two-headed ogres
  5 catoblepae
  10 death yaks
  5 orc high priests (Orc:2)
  5 orc knights
  A bog body (Lair:3)
  Pikel (D:7)
  2 necromancers (Orc:1)
  An oklob plant (Lair:5)
  2 manticores (Lair:5)
  4 orc sorcerers
  6 elephants
  2 torpor snails
  An eye of devastation (Lair:4)
  5 black mambas
  11 cane toads
  A rime drake (Lair:2)
  3 unseen horrors
  Psyche (D:10)
  8 komodo dragons
  3 polar bears
  4 trolls
  A hornet (D:9)
  3 slime creatures (Lair:5)
  Prince Ribbit (D:7)
  Grinder (D:5)
  24 blink frogs
  6 dream sheep
  A wraith (D:11)
  2 spriggans (Lair:2)
  Sigmund (D:5)
  An ettin skeleton (Orc:1)
  52 yaks
  2 shadows (D:10)
  4 basilisks
  4 wyverns
  5 wargs
  2 vampire mosquitoes (D:7)
  4 nagas (Lair:3)
  11 water moccasins
  A floating eye (Lair:4)
  3 ice beasts
  39 orc warriors
  5 ogres
  3 black bears
  16 wolves
  3 lemures (D:7)
  5 centaurs
  2 kobold brigands
  16 bullfrogs
  2 scorpions
  A gnoll sergeant (D:5)
  A necrophage (D:6)
  A troll zombie (Orc:1)
  10 killer bees (D:8)
  2 vampire bats (D:9)
  5 electric eels
  A troll skeleton (Orc:1)
  2 howler monkeys
  A human zombie (Ossuary)
  A centaur zombie (Ossuary)
  5 hounds
  6 jellies
  29 orc priests
  Crazy Yiuf (D:7)
  A cyclops simulacrum (Orc:1)
  4 iguanas
  An iron imp (D:5)
  Jessica (D:2)
  Terence (D:2)
  14 orc wizards
  Natasha (thrice) (D:2)
  An ogre zombie (Orc:1)
  4 mummies (Ossuary)
  Robin (D:2)
  6 gnolls
  5 adders
  An ogre simulacrum (Orc:1)
  2 shadow imps (D:6)
  2 white imps
  An ufetubus (D:6)
  2 dart slugs
  90 orcs
  10 ball pythons
  7 endoplasms
  5 giant cockroaches
  2 gnoll zombies (Ossuary)
  10 goblins
  10 hobgoblins
  15 jackals
  6 quokkas
  6 bats
  A frilled lizard (D:1)
  A goblin skeleton (D:5)
  2 goblin zombies
  3 hobgoblin zombies
  15 kobolds
  3 kobold zombies
  4 orc skeletons
  2 orc zombies
  2 rats
  2 bushes (Lair:5)
625 creatures vanquished.

Vanquished Creatures (others)
  22 fungi
  37 plants
59 creatures vanquished.

Grand Total: 684 creatures vanquished

Notes
Turn   | Place    | Note
-------+----------+-------------------------------------------
     0 | D:1      | Kangrisorn the Minotaur Fighter began the quest for the
                  | Orb.
     0 | D:1      | Reached XP level 1. HP: 19/19 MP: 0/0
   400 | D:1      | Reached XP level 2. HP: 27/27 MP: 1/1
   467 | D:1      | Reached skill level 4 in Shields
   469 | D:1      | Identified 3 scrolls of acquirement
   469 | D:1      | Acquired the +4 broad axe "Beetlebane" {vorpal, rElec Dex+5
                  | Stlth+}
   514 | D:1      | Reached XP level 3. HP: 32/33 MP: 2/2
   728 | D:1      | Acquired a manual of Shields
   739 | D:1      | Acquired the +2 kite shield "Riup" {rPois Dex+4}
   997 | D:2      | Noticed Jessica
  1003 | D:2      | Killed Jessica
  1004 | D:2      | Reached XP level 4. HP: 17/41 MP: 3/3
  1237 | D:2      | Noticed Terence
  1244 | D:2      | Killed Terence
  1307 | D:2      | Found a faded altar of an unknown god.
  1386 | D:2      | Noticed Robin
  1389 | D:2      | Reached skill level 5 in Shields
  1393 | D:2      | Killed Robin
  1461 | D:2      | Noticed Natasha
  1463 | D:2      | Killed Natasha
  1464 | D:2      | Reached XP level 5. HP: 47/47 MP: 4/4
  2030 | D:2      | Noticed Natasha
  2037 | D:2      | Killed Natasha
  2046 | D:2      | Noticed Natasha
  2058 | D:2      | Killed Natasha
  2244 | D:3      | Reached skill level 5 in Armour
  2356 | D:3      | Reached skill level 5 in Fighting
  2417 | D:3      | Found Juckixux's Book Emporium.
  2535 | D:3      | Found a bloodstained altar of Trog.
  2537 | D:3      | Found a glowing silver altar of Zin.
  2537 | D:3      | Found a shimmering altar of Xom.
  2539 | D:3      | Found a snail-covered altar of Cheibriados.
  2539 | D:3      | Found a shadowy altar of Dithmenos.
  2539 | D:3      | Found a shimmering altar of Xom.
  2639 | D:3      | Found a sacrificial altar of Ru.
  2816 | D:4      | Found a burning altar of Makhleb.
  2916 | D:4      | Reached skill level 6 in Shields
  2916 | D:4      | Reached XP level 6. HP: 44/56 MP: 5/5
  2917 | D:4      | Found a bloodstained altar of Trog.
  3412 | D:5      | Entered Level 5 of the Dungeon
  3416 | D:5      | Noticed Sigmund
  3419 | D:5      | Found a glowing golden altar of the Shining One.
  3423 | D:5      | Killed Sigmund
  3431 | D:5      | Reached skill level 5 in Axes
  3435 | D:5      | Reached skill level 7 in Shields
  3435 | D:5      | Reached XP level 7. HP: 26/62 MP: 6/6
  3843 | D:5      | Noticed Grinder
  3876 | D:5      | Killed Grinder
  3877 | D:5      | Reached skill level 8 in Shields
  4191 | D:5      | Reached XP level 8. HP: 71/71 MP: 7/7
  4486 | D:6      | Found an iron altar of Okawaru.
  4510 | D:6      | Became a worshipper of Warmaster Okawaru
  4593 | D:6      | Found a shimmering blue altar of Sif Muna.
  4810 | D:6      | Reached skill level 9 in Shields
  5095 | D:6      | Found a staircase to the Ecumenical Temple.
  5106 | Temple   | Entered the Ecumenical Temple
  5750 | D:7      | Noticed Pikel
  5756 | D:7      | Reached skill level 10 in Shields
  5763 | D:7      | Killed Pikel
  5763 | D:7      | Reached * piety under Okawaru
  5763 | D:7      | Reached ** piety under Okawaru
  5764 | D:7      | Reached XP level 9. HP: 63/81 MP: 8/8
  5798 | D:7      | Found a sand-covered staircase.
  5805 | Ossuary  | Entered an ossuary
  6120 | D:7      | Reached skill level 11 in Shields
  6187 | D:7      | Found an opulent altar of Gozag.
  6233 | D:7      | Noticed Prince Ribbit
  6242 | D:7      | Killed Prince Ribbit
  6242 | D:7      | Reached *** piety under Okawaru
  6569 | D:7      | Found a runed translucent door.
  6570 | D:7      | Noticed Crazy Yiuf
  6575 | D:7      | Killed Crazy Yiuf
  6673 | D:8      | Reached skill level 12 in Shields
  6764 | D:8      | Reached **** piety under Okawaru
  6826 | D:8      | Noticed a two-headed ogre
  6838 | D:8      | Killed a two-headed ogre
  6839 | D:8      | Reached XP level 10. HP: 63/91 MP: 9/9
  6991 | D:8      | Identified the +2 pair of gloves of Taskores {rPois}
  7049 | D:8      | Found an ancient bone altar of Kikubaaqudgha.
  7298 | D:9      | Found a runed translucent gate.
  7298 | D:9      | Found a runed translucent gate.
  7298 | D:9      | Found a runed translucent gate.
  7299 | D:9      | Found an opulent altar of Gozag.
  7299 | D:9      | Noticed a cyclops
  7299 | D:9      | Noticed a brown ugly thing
  7299 | D:9      | Noticed Henri's ghost (journeyman VSEn)
  7332 | D:9      | Reached skill level 13 in Shields
  7394 | D:9      | Reached ***** piety under Okawaru
  7395 | D:9      | Reached skill level 10 in Fighting
  7395 | D:9      | Reached skill level 10 in Armour
  7412 | D:9      | Found a staircase to the Lair.
  7428 | D:9      | Found a glowing silver altar of Zin.
  7706 | D:9      | Reached skill level 10 in Axes
  7716 | D:9      | Reached skill level 14 in Shields
  7848 | D:9      | Found a staircase to the Orcish Mines.
  7866 | D:9      | Received a gift from Okawaru
  8608 | D:10     | Entered Level 10 of the Dungeon
  8994 | D:10     | Noticed Psyche
  9006 | D:10     | Killed Psyche
  9007 | D:10     | Reached XP level 11. HP: 96/101 MP: 10/10
  9384 | D:11     | Reached skill level 15 in Shields
  9598 | D:11     | Identified the +0 cloak of Good Intentions {Int+2 Dex+5}
                  | (Okawaru gifted it to you on level 11 of the Dungeon)
  9598 | D:11     | Received a gift from Okawaru
 10341 | Lair:1   | Entered Level 1 of the Lair of Beasts
 10769 | Lair:1   | Found a large runed translucent door.
 10770 | Lair:1   | Found a large runed translucent door.
 10775 | Lair:1   | Reached skill level 16 in Shields
 10777 | Lair:1   | Noticed ripuliukko's ghost (journeyman GrEE)
 10802 | Lair:1   | Killed ripuliukko's ghost
 10803 | Lair:1   | Reached XP level 12. HP: 105/112 MP: 11/11
 10949 | Lair:1   | Reached ****** piety under Okawaru
 11501 | Lair:1   | Received a gift from Okawaru
 11620 | Lair:2   | Noticed a catoblepas
 11648 | Lair:2   | Killed a catoblepas
 12078 | Lair:2   | Identified the +1 leather armour of Ylaocuni {Will+ Int+2}
 12399 | Lair:2   | Noticed a death yak
 12402 | Lair:2   | Noticed a death yak
 12403 | Lair:2   | Noticed a death yak
 12411 | Lair:2   | Received a gift from Okawaru
 12420 | Lair:2   | Killed a death yak
 12424 | Lair:2   | Killed a death yak
 12434 | Lair:2   | Killed a death yak
 12670 | Lair:2   | Noticed a six-headed hydra
 12675 | Lair:2   | Reached skill level 17 in Shields
 12675 | Lair:2   | Killed a six-headed hydra
 12675 | Lair:2   | Identified the +7 plate armour of Cocytus {Drain Int+4
                  | Dex+4 SInv} (Okawaru gifted it to you on level 2 of the
                  | Lair of Beasts)
 12675 | Lair:2   | Received a gift from Okawaru
 12844 | Lair:2   | Reached XP level 13. HP: 88/123 MP: 12/12
 13188 | Lair:3   | Found a staircase to the Swamp.
 14082 | Lair:3   | Found a staircase to the Snake Pit.
 14626 | Lair:3   | Noticed Gastronok
 14641 | Lair:3   | Killed Gastronok
 15268 | Lair:4   | Reached skill level 1 in Throwing
 15875 | Lair:4   | Found a staircase to the Slime Pits.
 15878 | Lair:4   | Paralysed by a floating eye for 2 turns
 15978 | Lair:4   | Identified the +1 leather armour "Amnyst" {Str+3}
 16081 | Lair:4   | Received a gift from Okawaru
 16442 | Lair:5   | Entered Level 5 of the Lair of Beasts
 17042 | Lair:5   | Reached skill level 18 in Shields
 17205 | Lair:5   | Received a gift from Okawaru
 17214 | Lair:5   | Reached XP level 14. HP: 117/133 MP: 13/13
 17347 | Lair:5   | Reached skill level 15 in Fighting
 17347 | Lair:5   | Reached skill level 15 in Armour
 17857 | Lair:5   | Found a runed translucent gate.
 17858 | Lair:5   | Found a runed translucent gate.
 17859 | Lair:5   | Found a runed translucent gate.
 17860 | Lair:5   | Noticed Peloso's ghost (journeyman MiFi)
 17867 | Lair:5   | Noticed a quicksilver ooze
 17876 | Lair:5   | Killed a quicksilver ooze
 17877 | Lair:5   | Reached skill level 15 in Axes
 18654 | Orc:1    | Entered Level 1 of the Orcish Mines
 18891 | Orc:1    | Reached skill level 5 in Throwing
 19111 | Orc:1    | Paralysed by an orc sorcerer for 5 turns
 19238 | Orc:1    | Noticed Fannar
 19246 | Orc:1    | Killed Fannar
 19665 | Orc:2    | Entered Level 2 of the Orcish Mines
 20072 | Orc:2    | Found a staircase to the Elven Halls.
 20080 | Orc:2    | Noticed an orc warlord
 20093 | Orc:2    | Identified the +0 pair of boots "Umnunatz" {*Corrode +Inv
                  | rPois Will-} (Okawaru gifted it to you on level 2 of the
                  | Orcish Mines)
 20093 | Orc:2    | Received a gift from Okawaru
 20122 | Orc:2    | Killed an orc warlord
 20510 | Orc:2    | Gained mutation: You are frail. (-10% HP) [a neqoxec]
 20511 | Orc:2    | Gained mutation: Armour fits poorly on your strangely
                  | shaped body. [a neqoxec]
 20628 | Orc:2    | Killed from afar by an orc priest

Illustrated notes

Levels and vault maps discovered:
D:1:      eino_arrival_water_star, layout_basic
D:2:      layout_loops_ring, shapermc_ecumenical_altar_notcrosses, uniq_terence,
          uniq_jessica, uniq_natasha, uniq_robin
D:3:      layout_loops_ring, doesnt_xom_only_xom, nicolae_ru_awakened_eye,
          serial_shops, shop
D:4:      cheibrodos_old_hovel, layout_rooms, bloody_makhleb,
          amcnicky_altar_gilded
D:5:      layout_loops_ring, nicolae_tso_besieged_by_evil, uniq_sigmund,
          uniq_grinder
D:6:      layout_loops_corners, mainiacjoe_overflow_catwalk, led_sif_pool,
          temple_green
D:7:      layout_rooms, mainiacjoe_overflow_small_starburst, serial_bayou,
          serial_bayou_ford_a, serial_bayou_pond_a, serial_bayou_lagoon_a,
          serial_bayou_pond_d, enter_ossuary_2, hangedman_abyss_or_decor_slice,
          uniq_prince_ribbit1, uniq_pikel, uniq_crazy_yiuf_cottage
D:8:      layout_rooms, kiku_gazebo_pond_becter
D:9:      layout_long_grid, lemuel_crystal_altar,
          grunt_lair_entry_orc_guard_hut, david_orc_5, ebering_ghost_gozag,
          serial_co_window_serial, co_window_corner_a, co_window_corner_a,
          co_window_paths_a, co_window_paths_a, co_window_paths_a,
          co_window_corner_a, co_window_corner_a, co_window_cross_3,
          co_window_paths_c, co_window_unsneaky_path_c, co_window_paths_c,
          co_window_2corner, co_window_unsneaky_path_a, co_window_corner_b,
          co_window_paths_e, glass_columns_a, roderic_batcave
D:10:     layout_irregular_city, uniq_psyche
D:11:     layout_gridville, minmay_misc_feat_columns
D:12:     layout_loops_ring, fedhas_altar_3
Temple:   hellmonk_temple_flake
Lair:1:   layout_gridlike, ebering_ghost_disaster_area, grunt_megastairs_4
Lair:2:   nzn_winding_woodlands_stair_cross [nzn_winding_woodlands_5x15_crooked,
          nzn_winding_woodlands_center_pierced_h,
          nzn_winding_woodlands_5x15_pathside_ponds,
          nzn_winding_woodlands_5x5_closed_star,
          nzn_winding_woodlands_hourglass,
          nzn_winding_woodlands_5x15_river_crossing,
          nzn_winding_woodlands_center_lodge,
          nzn_winding_woodlands_5x15_default], layout_regular_city,
          forest_entry_grove
Lair:3:   layout_regular_city, skrybe_swamp_entry_bodies,
          minmay_snake_entry_guardpost_small, lightli_volcano_entry_magma_tube,
          chequers_serial_rivers_micro_c, uniq_gastronok
Lair:4:   layout_cave_pods, minmay_slime_entry_eyes, infiniplex_staircase_pool
Lair:5:   evilmike_catoblepas_cave, layout_gridlike, gammafunk_ghost_hydra_chop,
          minmay_lair_oklob_bushes, st_stairs_10,
          chequers_serial_rivers_small_a, nicolae_lair_time_for_slime
Orc:1:    dreamdust_under_siege, layout_caves, uniq_fannar
Orc:2:    st_orc_pillars, layout_diamond_mine

Skill      XL: |  1  2  3  4  5  6  7  8  9 10 11 12 13 14 |
---------------+-------------------------------------------+-----
Fighting       | 4 5 6 8 9 10 12 13 14 15 | 15.8
Shields        | 4 5 6 7 8 10 12 14 16 17 18 | 18.8
Armour         | 4 5 6 8 9 10 12 13 14 15 | 15.8
Axes           | 3 4 5 6 7 9 10 12 13 14 15 | 15.7
Throwing       | 3 6 |  6.2

Action                   |  1- 3 |  4- 6 |  7- 9 | 10-12 | 13-15 || total
-------------------------+-------+-------+-------+-------+-------++-------
Melee: War axe           |    38 |       |       |       |       ||    38
       Headbutt          |     7 |    12 |    28 |   128 |   158 ||   333
       Broad axe         |    27 |   107 |   198 |   478 |   611 ||  1421
Throw: Dart              |       |       |     6 |       |    15 ||    21
       Javelin           |       |       |       |       |    17 ||    17
       Boomerang         |       |       |       |       |    26 ||    26
Invok: Heroism           |       |       |       |     2 |     2 ||     4
Evoke: Wand              |       |       |       |     5 |    10 ||    15
  Use: Scroll            |     3 |    10 |     8 |     4 |     8 ||    33
       Potion            |       |     1 |     1 |     1 |    13 ||    16
 Stab: Sleeping          |     1 |     2 |     1 |       |       ||     4
       Invisible         |       |       |       |       |     8 ||     8
Armor: Scale mail        |    42 |    29 |    12 |       |       ||    83
       Chain mail        |       |       |    73 |   249 |       ||   322
       Plate armour      |       |       |       |    19 |   392 ||   411
Dodge: Dodged            |    31 |    22 |    48 |    98 |   133 ||   332
Block: Buckler           |     9 |       |       |       |       ||     9
       Kite shield       |    13 |    64 |   170 |   403 |   582 ||  1232
